 Dungeon Crawl Stone Soup version 0.30-a0-779-g7971cf19c3 (webtiles) character file.

Game seed: 7847643431968114436

40 Firecrotchwizard the Chopper (level 3, -1/33 HPs)
             Began as a Hill Orc Monk on Feb 18, 2023.
             Was a Follower of Beogh.
             Slain by Grinder (9 damage)
             ... on level 3 of the Dungeon.
             The game lasted 00:02:47 (1091 turns).

Firecrotchwizard the Chopper (Hill Orc Monk)        Turns: 1091, Time: 00:02:48

Health: -1/33      AC:  5    Str: 15    XL:     3   Next: 50%
Magic:  0/3        EV: 11    Int: 10    God:    Beogh [*.....]
Gold:   77         SH:  0    Dex: 13    Spells: 2/2 levels left

rFire   . . .      SeeInvis .    f - +3 dagger
rCold   . . .      Faith    .    (no shield)
rNeg    . . .      Spirit   .    h - +0 ring mail
rPois   .          Reflect  .    (no helmet)
rElec   .          Harm     .    (no cloak)
rCorr   .          Rampage  .    (no gloves)
Will    .....                    (no boots)
Stlth   +                        (no amulet)
HPRegen 0.25/turn                (no ring)
MPRegen 0.08/turn                (no ring)

@: no status effects
A: no striking features
a: Renounce Religion


You were on level 3 of the Dungeon.
You worshipped Beogh.
Beogh was aware of your devotion.
You visited 1 branch of the dungeon, and saw 3 of its levels.

You collected 77 gold pieces.

Inventory:

Hand Weapons
 a - a +0 hand axe
 f - a +3 dagger (weapon)
   (You took it off a goblin on level 2 of the Dungeon)
Missiles
 k - 5 poisoned darts
 s - 26 stones (quivered)
Armour
 b - a +0 robe
 h - a +0 ring mail (worn)
   (You found it on level 2 of the Dungeon)
 l - the +0 ring mail of the Game of Life {rCorr}
   (You found it on level 3 of the Dungeon)

   rCorr:     It protects you from acid and corrosion.
Jewellery
 j - an amulet of guardian spirit
   (You found it on level 2 of the Dungeon)
Scrolls
 c - 2 scrolls of identify {unknown}
 i - a scroll of vulnerability {unknown}
Potions
 d - a potion of flight {unknown}
 e - a potion of lignification {unknown}
 g - a potion of curing {unknown}
 G - a potion of ambrosia {!q}


   Skills:
 + Level 4.2 Fighting
 * Level 5.3 Axes
 - Level 2.4 Dodging
 - Level 1.5 Stealth


You had 2 spell levels left.
You didn't know any spells.
Your spell library contained the following spells:

 Spells                   Type           Power      Damage    Failure   Level
 Cigotuvi's Dreadful Rot  Necr/Pois/Air  0%         N/A       75%         2
 Ensorcelled Hibernation  Hex/Ice        0%         N/A       75%         2
 Poisonous Vapours        Pois/Air       0%         N/A       75%         2
 Mephitic Cloud           Conj/Pois/Air  0%         N/A       92%         3
 Spider Form              Tmut/Pois      0%         N/A       92%         3
 Anguish                  Hex/Necr       0%         N/A       100%        4


Dungeon Overview and Level Annotations

Branches:
Dungeon (3/15)

Altars:
Fedhas

Annotations:
D:3 Grinder


Message History

You take 1 damage, and have 29/33 hp.
You hit the orc. The orc barely misses you. The orc closely misses you.
You barely miss the orc. The orc completely misses you.
The orc hits you but does no damage.
You hit the orc but do no damage. The orc hits you with a +0 club.
The orc hits you but does no damage.
You take 1 damage, and have 28/33 hp.
You puncture the orc!
You kill the orc!
Beogh accepts your kill. The orc barely misses you. The orc barely misses you.
Things that are here:
a +0 club; a +0 leather armour The orc completely misses you.
The orc attacks as you move away! The orc closely misses you.
You hit the orc. The orc hits you but does no damage.
You closely miss the orc. The orc closely misses you.
You closely miss the orc. The orc hits you but does no damage.
You hit the orc. The orc hits you with a +0 short sword.
You take 2 damage, and have 28/33 hp.
You barely miss the orc. The orc hits you but does no damage.
You hit the orc.
You kill the orc!
Beogh accepts your kill.
You barely miss the worm. The worm misses you.
You barely miss the worm. You hit the worm.
The worm bites you but does no damage.
You hit the worm. You hit the worm. The worm misses you.
You hit the worm. The worm bites you!
You take 9 damage, and have 20/33 hp.
MASSIVE DAMAGE!!
You barely miss the worm. You hit the worm. The worm misses you.
You hit the worm. You completely miss the worm. The worm bites you.
You take 4 damage, and have 16/33 hp.
You hit the worm but do no damage. The worm closely misses you.
You hit the worm. You completely miss the worm.
The worm bites you but does no damage.
You hit the worm.
You kill the worm!
Beogh accepts your kill.
Things that are here:
a +0 short sword; an orc corpse
Things that are here:
a +0 club; a +0 leather armour
Found a stone staircase leading down.
Health restored: 33
Found an escape hatch in the floor.
You see here the +0 ring mail of the Game of Life {rCorr}.
l - the +0 ring mail of the Game of Life {rCorr}
s - 26 stones (gained 2)
Things that are here:
a +0 dagger; a kobold corpse You swap places.
There is an escape hatch in the floor here.
Grinder comes into view.
Grinder shouts!
Smite: Grinder You smite Grinder!
You can no longer smite your foes.
Grinder gestures at you. You resist with significant effort.
You now have 0/3 mp.
An endoplasm comes into view.
Grinder says, "Are you a fish?" Grinder hits you but does no damage.
You closely miss Grinder. Grinder hits you but does no damage.
You hit Grinder. The endoplasm freezes you.
You are frozen.
Grinder gestures at you. You resist with significant effort.
You take 1 damage, and have 32/33 hp.
You closely miss Grinder. The endoplasm freezes you.
You are frozen.
Grinder hits you.
You writhe in agony.
You take 15 damage, and have 17/33 hp.
MASSIVE DAMAGE!!
You hit Grinder. The endoplasm freezes you.
You are frozen.
Grinder barely misses you.
You take 3 damage, and have 14/33 hp.
You hit Grinder. The endoplasm freezes you.
You are frozen.
Grinder drinks a potion.
Grinder is healed!
You take 1 damage, and have 13/33 hp.
You hit Grinder.
The endoplasm hits you but does no damage.
Grinder hits you.
You writhe in agony.
* * * LOW HITPOINT WARNING * * *
You take 5 damage, and have 8/33 hp.
You completely miss Grinder.
The endoplasm hits you but does no damage.
Grinder hits you!
You die...

....# ####...#### #.........
#........ #.......
^###.#...# #.# ......J5.#
##.## #.#.@.# ##...##
$####.#..## #......
.?.......# ##.....#
#####.#.## ##.......
#.#.#########........
########...........#....<...
........#...................
#.........#.###.....#...<...
#.#####.#.#.##.......#..>..#


You could see Grinder and an endoplasm.

Vanquished Creatures
  An adder (D:2)
  A worm (D:3)
  A dart slug (D:2)
  3 orcs
  3 bats
  An endoplasm (D:2)
  2 goblins (D:2)
  3 hobgoblins
  A quokka (D:1)
  4 ball pythons (D:2)
  A frilled lizard (D:2)
  3 rats
24 creatures vanquished.

Vanquished Creatures (others)
  A kobold (D:3)
1 creature vanquished.

Grand Total: 25 creatures vanquished

Notes
Turn   | Place    | Note
-------+----------+-------------------------------------------
     0 | D:1      | Firecrotchwizard the Hill Orc Monk began the quest for the
                  | Orb.
     0 | D:1      | Reached XP level 1. HP: 19/19 MP: 1/1
    78 | D:1      | HP: 5/20 [rat (2)]
    80 | D:1      | HP: 1/20 [quokka (4)]
   172 | D:2      | Reached skill level 4 in Fighting
   172 | D:2      | Reached XP level 2. HP: 27/27 MP: 2/2
   320 | D:2      | Reached skill level 5 in Axes
   409 | D:2      | Reached XP level 3. HP: 30/33 MP: 3/3
   484 | D:2      | Found a blossoming altar of Fedhas.
   913 | D:3      | Became a worshipper of Beogh the Brigand
   913 | D:3      | Reached * piety under Beogh
   913 | D:3      | Reached ** piety under Beogh
  1025 | D:3      | Identified the +0 ring mail of the Game of Life {rCorr}
  1079 | D:3      | Noticed Grinder
  1090 | D:3      | HP: 8/33 [Grinder (3)]
  1091 | D:3      | Slain by Grinder

Illustrated notes

Levels and vault maps discovered:
D:1:      ebering_hopf_link, layout_basic
D:2:      layout_loops_ring, basic_altar,
          nicolae_concentric_dashed_squares_mild, grunt_decor_junction
D:3:      layout_loops_ring, gammafunk_temple_overflow_statue, serial_shops,
          nicolae_square_shop, uniq_grinder

Skill      XL: |  1  2 |
---------------+-------+-----
Fighting       | 4 |  4.2
Axes           | 5 |  5.3
Dodging        | |  2.4
Stealth        | |  1.5

Action                     || total
---------------------------++-------
  Melee: Hand axe          ||    37
         Dagger            ||    59
 Invoke: Smiting           ||     1
         Convert to Beogh  ||     1
   Stab: Sleeping          ||     2
 Armour: Robe              ||     7
         Ring mail         ||    19
  Dodge: Dodged            ||    49

Table legend: (Time is in decaauts)
 A = Elapsed time spent in this place.
 B = Non-inter-level travel time spent in this place.
 C = Inter-level travel time spent in this place.
 D = Time resting spent in this place.
 E = Time spent auto-exploring this place.
 F = Levels seen in this place.
 G = Mean time per level.
                   A        B        C        D        E       F      G
               +--------+--------+--------+--------+--------+-----+--------+
         Total |   1092 |   1058 |     34 |     73 |    736 |   3 |  364.0 |
       Dungeon |   1092 |   1058 |     34 |     73 |    736 |   3 |  364.0 |
               +--------+--------+--------+--------+--------+-----+--------+

Top non-repeatable levels by time:
     D:2: 747 daAuts
     D:3: 178 daAuts
     D:1: 166 daAuts

Table legend:
 A = Kills in this place as a percentage of kills in entire the game.
 B = Kills by you in this place as a percentage of kills by you in the entire game.
 C = Kills by friends in this place as a percentage of kills by friends in the entire game.
 D = Other kills in this place as a percentage of other kills in the entire game.
 E = Experience gained in this place as a percentage of experience gained in the entire game.
 F = Experience gained in this place divided by the number of levels of this place that you have seen.
                   A       B       C       D       E      F
               +-------+-------+-------+-------+-------+----------------------
         Total | 100.0 | 100.0 |   N/A |   N/A | 100.0 |  19.3
       Dungeon | 100.0 | 100.0 |   N/A |   N/A | 100.0 |  19.3
               +-------+-------+-------+-------+-------+----------------------
